 Dungeon Crawl Stone Soup version 0.25-a0-339-gb37b713 (webtiles) character file.

Game seed: 8053240480811773525, levelgen mode: deterministic

1094 Birdy the Slasher (level 8, -3/44 HPs)
             Began as a Tengu Gladiator on Dec 28, 2019.
             Slain by Pikel
             ... wielding a +2 whip of freezing
              (4 damage)
             ... on level 5 of the Dungeon.
             The game lasted 00:13:05 (5261 turns).

Birdy the Slasher (Tengu Gladiator)                 Turns: 5261, Time: 00:13:06

Health: -3/44      AC:  6    Str: 16    XL:     8   Next: 31%
Magic:  9/9        EV: 16    Int:  8    God:
Gold:   285        SH:  5    Dex: 17    Spells: 7/7 levels left

rFire    . . .     SeeInvis .   a - +0 long sword
rCold    + . .     Gourm    .   m - +0 buckler
rNeg     . . .     Faith    .   b - +0 leather armour
rPois    .         Spirit   .   c - +0 hat
rElec    .         Reflect  .   j - +0 cloak
rCorr    .         Harm     .   p - +0 pair of gloves
MR       +....                  (boots unavailable)
Stlth    +.........             o - amulet of inaccuracy (curse)
HPRegen  0.14/turn              h - ring of protection from cold
MPRegen  0.11/turn              n - ring of protection from magic

@: flying quickly and evasively, quick
A: beak, talons 3, able to fly
a: Stop Flying


You were on level 5 of the Dungeon.
You were not hungry.

You visited 2 branches of the dungeon, and saw 6 of its levels.

You collected 285 gold pieces.

Inventory:

Hand Weapons
 a - a +0 long sword (weapon)
 i - a +1 dagger of venom
Missiles
 g - 2 poisoned darts (quivered)
Armour
 b - a +0 leather armour (worn)
 c - a +0 hat (worn)
 j - a +0 cloak (worn)
 m - a +0 buckler (worn)
 p - a +0 pair of gloves (worn)
Jewellery
 e - an uncursed amulet of magic regeneration
 h - a ring of protection from cold (left hand)
 n - a ring of protection from magic (right hand)
 o - a cursed amulet of inaccuracy (around neck)
Wands
 d - a wand of flame (3)
 t - a wand of iceblast (6)
Scrolls
 l - 4 scrolls of blinking
 q - a scroll of remove curse
 r - 2 scrolls of enchant armour
 s - a scroll of amnesia
Comestibles
 f - 8 rations
 k - a chunk of flesh


   Skills:
 - Level 2.0 Fighting
 + Level 7.7 Long Blades
 - Level 2.0 Throwing
 - Level 6.0 Armour
 - Level 3.2 Dodging
 - Level 4.0 Shields


You had 7 spell levels left.
You didn't know any spells.
Your spell library was empty.

Dungeon Overview and Level Annotations

Branches:
Dungeon (5/15)             Temple (1/1) D:5

Altars:
Ashenzari
Cheibriados
Dithmenos
Elyvilon
Fedhas
Gozag
Hepliaklqana
Kikubaaqudgha
Makhleb
Nemelex Xobeh
Okawaru
Ru
Sif Muna
Trog
Uskayaw
Xom
Yredelemnul
Zin

Annotations:
D:5 Pikel


Innate Abilities, Weirdness & Mutations

You have a beak for a mouth.
You have claws for feet.
You can fly continuously.


Message History

Pikel closely misses you.
You riposte.
You hit Pikel. Your kick misses Pikel. You peck Pikel.
Pikel is severely wounded.
You closely miss Pikel. You claw Pikel. Your peck misses Pikel.
Pikel is almost dead.
Pikel hits you with a +2 whip of freezing.
Pikel freezes you.
You hit Pikel but do no damage. You claw Pikel, but do no damage.
You peck Pikel, but do no damage.
Pikel is almost dead.
Pikel hits you with a +2 whip of freezing!
* * * LOW HITPOINT WARNING * * *
Pikel freezes you.
* * * LOW HITPOINT WARNING * * *
You aren't carrying any potions.
Unknown command.
You barely miss Pikel. Your kick misses Pikel.
Pikel is almost dead.
Pikel hits you with a +2 whip of freezing.
You die...

.........................#
.........................#
.........######..[......##
.......### #..†))....##
.#......# ####<......#
........# #.......#
.>......####### #.......#
.#.(..........#####......#
..........###ppK@..#...#....#
..#..........Z####.########.#
..#.........Z.Z...... #
#######....###..###### #...##
#..# #.### #... ...# ###.
..... . ..####


You could see Pikel, 2 slaves and a leopard gecko skeleton.

Vanquished Creatures
  Sigmund (D:2)
  Edmund (D:4)
  A slave (D:5)
  A phantom (D:5)
  A wyvern skeleton (D:4)
  A crimson imp (D:4)
  6 orc priests
  Crazy Yiuf (D:2)
  A centaur skeleton (D:5)
  4 orc wizards
  2 worker ants
  Robin (D:4)
  8 gnolls
  6 adders
  2 shadow imps (D:4)
  3 adder skeletons
  A worm (D:3)
  3 dart slugs
  2 leopard geckos
  17 orcs
  4 giant cockroaches
  10 goblins
  12 hobgoblins
  3 jackals (D:4)
  A quokka (D:5)
  A ball python (D:1)
  5 bats
  7 frilled lizards
  4 kobolds
  A leopard gecko skeleton (D:5)
  13 rats
124 creatures vanquished.

Notes
Turn   | Place    | Note
-------+----------+-------------------------------------------
     0 | D:1      | Birdy the Tengu Gladiator began the quest for the Orb.
     0 | D:1      | Reached XP level 1. HP: 12/12 MP: 2/2
    30 | D:1      | Reached skill level 1 in Armour
    52 | D:1      | Reached XP level 2. HP: 17/17 MP: 3/3
   669 | D:1      | Reached XP level 3. HP: 17/21 MP: 4/4
   830 | D:2      | Noticed Sigmund
   849 | D:2      | Killed Sigmund
   849 | D:2      | Reached skill level 5 in Armour
   849 | D:2      | Reached XP level 4. HP: 12/26 MP: 5/5
   849 | D:2      | Gained mutation: You can fly continuously. [Tengu growth]
   849 | D:2      | Reached XP level 5. HP: 13/30 MP: 6/6
   882 | D:2      | Found a faded altar of an unknown god.
  1060 | D:2      | Found a runed translucent door.
  1061 | D:2      | Noticed Crazy Yiuf
  1069 | D:2      | Killed Crazy Yiuf
  1416 | D:3      | Reached XP level 6. HP: 5/35 MP: 7/7
  1493 | D:3      | Reached skill level 4 in Long Blades
  1728 | D:3      | Noticed a moth of wrath
  1731 | D:3      | Found a bloodstained altar of Trog.
  2150 | D:3      | Found a glowing drain.
  2314 | D:3      | Reached skill level 1 in Shields
  2804 | D:4      | Reached XP level 7. HP: 40/40 MP: 8/8
  2806 | D:4      | Found a transporter.
  2818 | D:4      | Reached skill level 5 in Long Blades
  2850 | D:4      | Found a transporter.
  2855 | D:4      | Found a hide-covered altar of Uskayaw.
  2873 | D:4      | Noticed Edmund
  2895 | D:4      | Killed Edmund
  3131 | D:4      | Noticed Robin
  3153 | D:4      | Killed Robin
  3977 | D:4      | Reached skill level 6 in Long Blades
  4584 | D:5      | Entered Level 5 of the Dungeon
  4591 | D:4      | Reached XP level 8. HP: 32/44 MP: 9/9
  4713 | D:5      | Found a blossoming altar of Fedhas.
  4756 | D:5      | Reached skill level 7 in Long Blades
  5158 | D:5      | Found a staircase to the Ecumenical Temple.
  5165 | Temple   | Entered the Ecumenical Temple
  5225 | D:5      | Noticed Pikel
  5260 | D:5      | HP: 1/44 [Pikel/+2 whip of freezing (2)]
  5261 | D:5      | Slain by Pikel

Levels and vault maps discovered:
D:1:      wander_arrival_desolate, layout_rooms, st_stairs_6,
          minmay_tetromino_t4
D:2:      layout_rooms, chequers_ecumenical_altar_grove, minmay_diced_spiral,
          uniq_crazy_yiuf_cottage, uniq_sigmund
D:3:      layout_loops_ring, tgw_trog, gup_sewer_entry_glass
D:4:      gammafunk_wand_slinger, layout_basic, old_standard_altar, uniq_edmund,
          uniq_robin
D:5:      layout_rooms, grunt_qazlal_clouds, minmay_temple_entry_fiery,
          first_ration, basic_altar, goddamned_bats, uniq_pikel
Temple:   minmay_freezing_vapour_temple

Skill      XL: |  1  2  3  4  5  6  7  8 |
---------------+-------------------------+-----
Armour         | 1 2 5 6 |  6.0
Long Blades    | 4 6 7 |  7.7
Shields        | 2 4 |  4.0
Fighting       | |  2.0
Throwing       | |  2.0
Dodging        | |  3.2

Action                   |  1- 3 |  4- 6 |  7- 9 || total
-------------------------+-------+-------+-------++-------
Melee: Long sword        |    46 |    95 |   182 ||   323
       Kick              |    10 |    37 |    78 ||   125
       Peck              |     6 |    22 |    56 ||    84
Throw: Dart              |       |    14 |     9 ||    23
       Boomerang         |       |    10 |    48 ||    58
       Throwing net      |       |     4 |     4 ||     8
 Abil: Fly               |       |     1 |       ||     1
Evoke: Wand              |       |       |     5 ||     5
  Use: Scroll            |     4 |     4 |     4 ||    12
       Potion            |     4 |     1 |     2 ||     7
 Stab: Invisible         |       |     1 |       ||     1
       Held in net/web   |       |     2 |     5 ||     7
       Sleeping          |       |     2 |     1 ||     3
  Eat: Chunk             |       |     6 |     4 ||    10
       Ration            |       |       |     1 ||     1
Armor: Leather armour    |     8 |    23 |    25 ||    56
Dodge: Dodged            |    29 |    91 |   116 ||   236
Block: Buckler           |       |       |    29 ||    29
       Rpst.: Long sword |     4 |    32 |    38 ||    74

Table legend:
 A = Non-vault XP
 B = Vault XP
 C = Vault XP percentage of total XP
 D = Non-vault monster count
 E = Vault monster count
 F = Vault count percentage of total count
                 A         B        C        D         E       F
            +---------+---------+-------+---------+---------+-------
      Total |     966 |     597 |  38.2 |      93 |      30 |  24.4
            +---------+---------+-------+---------+---------+-------
        D:1 |      33 |       6 |  15.4 |      19 |       5 |  20.8
        D:2 |      17 |     247 |  93.6 |       9 |       4 |  30.8
        D:3 |     238 |      15 |   5.9 |      26 |       8 |  23.5
        D:4 |     319 |     329 |  50.8 |      24 |      13 |  35.1
        D:5 |     359 |       0 |   0.0 |      15 |       0 |   0.0
            +---------+---------+-------+---------+---------+-------
